 Dungeon Crawl Stone Soup version 0.31-a0-536-ga3e2962e35 (webtiles) character file.

Game seed: 13255345165723335854

18259 Morbidden the Conjurer (level 12, -3/88 HPs)
             Began as a Demonspawn Conjurer on Aug 13, 2023.
             Was an Elder of Wu Jian.
             Constricted to death by Jorgrun (7 damage)
             ... on level 1 of the Orcish Mines.
             The game lasted 00:26:09 (11964 turns).

Morbidden the Conjurer (Demonspawn Conjurer)       Turns: 11964, Time: 00:26:09

Health: -3/88      AC: 20    Str:  7    XL:     12   Next: 26%
Magic:  3/30       EV:  8    Int: 28    God:    Wu Jian [****..]
Gold:   329        SH:  9    Dex: 18    Spells: 13/24 levels left

rFire   + + +        a - +4 dagger
rCold   . . .        s - +0 buckler
rNeg    . . .        A - +3 ring mail "Yrriaxoys" {Rampage Will+ MP+9 Stlth+}
rPois   .            (no helmet)
rElec   .            B - +1 cloak
rCorr   +            (no gloves)
SInv    .            O - +2 pair of boots {Stlth+}
Will    +....        x - amulet of regeneration
Stlth   +++++        K - ring "Ozyif" {rF+ rCorr Int+3 Dex+6}
HPRegen 1.14/turn    f - +4 ring of protection
MPRegen 0.22/turn

%: rampage
@: exhausted, grasped by roots, very slightly contaminated, slowed, constricted,
very slow
A: hooves 2, slimy green scales 1, condensation shield, demonic magic 3, fire
resistance 2, evolution 1
a: Renounce Religion, Wall Jump, Serpent's Lash


You were on level 1 of the Orcish Mines.
You worshipped Wu Jian.
Wu Jian was greatly pleased with you.
You visited 3 branches of the dungeon, and saw 12 of its levels.

You collected 1099 gold pieces.
You spent 770 gold pieces at shops.

Inventory:

Hand Weapons
 a - a +4 dagger (weapon)
 b - the +10 long sword of Tartarus {freeze, rCorr Str+3}
   (You found it on level 7 of the Dungeon)

   Str+3:     It affects your strength (+3).
   rCorr:     It protects you from acid and corrosion.
 H - a +4 scimitar of flaming
Missiles
 e - 2 throwing nets
Armour
 s - a +0 buckler (worn)
 u - a +0 tower shield
 A - the +3 ring mail "Yrriaxoys" (worn) {Rampage Will+ MP+9 Stlth+}
   (You found it on level 4 of the Dungeon)

   Will+:     It increases your willpower.
   MP+9:      It affects your magic capacity (+9).
   Rampage:   It bestows one free step when moving towards enemies.
   Stlth+:    It makes you more stealthy.
 B - a +1 cloak (worn)
 D - a +0 pair of gloves of stealth
 O - a +2 pair of boots of stealth (worn)
Jewellery
 f - a +4 ring of protection (right hand)
 x - an amulet of regeneration (around neck)
 K - the ring "Ozyif" (left hand) {rF+ rCorr Int+3 Dex+6}
   (You took it off a gnoll sergeant on level 7 of the Dungeon)

   [ring of protection from fire]

   Int+3:     It affects your intelligence (+3).
   Dex+6:     It affects your dexterity (+6).
   rF+:       It protects you from fire.
   rCorr:     It protects you from acid and corrosion.
 L - a ring of see invisible
Talismans
 k - a flux talisman
Wands
 t - a wand of flame (13)
 N - a wand of digging (3)
Scrolls
 d - a scroll of amnesia
 h - 2 scrolls of enchant armour
 i - 3 scrolls of vulnerability
 j - a scroll of teleportation
 l - a scroll of silence
 p - 5 scrolls of identify
 r - a scroll of acquirement
 v - 3 scrolls of revelation
 y - 3 scrolls of noise
 C - a scroll of blinking
Potions
 c - a potion of lignification
 g - a potion of berserk rage {unknown}
 m - 2 potions of curing
 n - 3 potions of mutation
 o - a potion of ambrosia
 q - a potion of enlightenment {unknown}
 z - 3 potions of cancellation {unknown}
 E - 4 potions of haste {unknown}
 F - 3 potions of brilliance {unknown}
 G - a potion of resistance {unknown}
 I - 3 potions of might {unknown}
 M - 2 potions of magic


   Skills:
 * Level 6.0 Fighting
 * Level 5.0(5.4) Short Blades
 * Level 3.0(4.4) Long Blades
 * Level 5.6 Armour
 * Level 5.5 Dodging
 + Level 7.3 Stealth
 + Level 4.2 Shields
 + Level 0.2 Unarmed Combat
 * Level 6.6 Spellcasting
 * Level 7.9 Conjurations
 * Level 4.4 Translocations
 * Level 3.0 Fire Magic
 * Level 4.3 Evocations
 * Level 4.5 Shapeshifting


You had 13 spell levels left.
You knew the following spells:

 Your Spells              Type           Power      Damage    Failure   Level
a - Magic Dart            Conj           100%       1d8       1%          1
b - Searing Ray           Conj           100%       2d8       1%          2
c - Sticky Flame          Conj/Fire      39%        2d6       28%         4
z - Iskenderun's Mystic   Conj/Tloc      43%        2d10      22%         4

Your spell library contained the following spells:

 Spells                   Type           Power      Damage    Failure   Level
 Scorch                   Fire           52%        2d7       12%         2
 Dazzling Flash           Conj/Hex       62%        N/A       16%         3
 Volatile Blastmotes      Fire/Tloc      60%        2d15      17%         3
 Mephitic Cloud           Conj/Pois/Air  24%        N/A       26%         3
 Flame Wave               Conj/Fire      39%        2d11      28%         4
 Call Imp                 Summ           18%        N/A       38%         2
 Fulminant Prism          Conj/Hex       15%        3d11      45%         4
 Ignite Poison            Fire/Tmut/Pois 14%        N/A       47%         3
 Olgreb's Toxic Radiance  Pois           9%         N/A       95%         4
 Summon Cactus Giant      Summ           4%         N/A       100%        6
 Discord                  Hex            4%         N/A       100%        8
 Ignition                 Fire           13%        3d6       100%        8


Dungeon Overview and Level Annotations

Branches:
Dungeon (9/15)             Temple (1/1) D:7             Orc (2/2) D:9
    Elf (0/3) Orc:2
   Lair: D:8-11

Altars:
Ashenzari
Cheibriados
Dithmenos
Fedhas
Gozag
Hepliaklqana
Kikubaaqudgha
Makhleb
Nemelex Xobeh
Okawaru
Qazlal
Ru
Sif Muna
Trog
Uskayaw
Vehumet
Wu Jian
Xom
Yredelemnul

Shops:
D:9 [   Orc:1 *   Orc:2 [=[*

Annotations:
Orc:1 Gastronok, Jorgrun


Innate Abilities, Weirdness & Mutations

You have hoof-like feet.
You are partially covered in slimy green scales. (AC +2)
A meltable shield of frost defends you. (SH +4)
Spells you cast and wands you use may paralyse nearby enemies.
Your flesh is very heat resistant. (rF++)
You have hidden genetic potential.


Message History

Aim: a quokka (summoned, 64% to hit)
The puff of flame hits the quokka.
You kill the quokka!
The quokka's corpse disappears in a puff of smoke!
Malevolent energies surge around you. Jorgrun hits you but does no damage.
Jorgrun completely misses you. You block the troll's attack.
The troll claws you but does no damage. The troll barely misses you.
Unknown command.
Unknown command.
Unknown command.
Aiming: Throw Flame
Press: ? - help, Shift-Dir - straight line, f - troll
Aim: a troll (heavily wounded, 74% to hit)
The puff of flame hits the troll.
The troll is severely wounded.
Malevolent energies surge around you.
The bat suddenly stops moving!
The troll suddenly stops moving!
Jorgrun hits you with a staff of earth. Jorgrun shatters you!
* * * LOW HITPOINT WARNING * * *
Jorgrun hits you with a staff of earth!
* * * LOW HITPOINT WARNING * * *
Jorgrun hits you with a staff of earth.
* * * LOW HITPOINT WARNING * * *
Jorgrun hits you with a staff of earth.
* * * LOW HITPOINT WARNING * * *
Unknown command.
Unknown command.
Unknown command.
Unknown command.
Unknown command.
The helpless troll fails to defend itself.
You spit the troll like a pig!!!
You kill the troll!
The Council accepts your kill.
The bat is no longer paralysed.
You block the bat's attack.
Jorgrun points at you and mumbles some strange words.
Roots burst forth from the earth!
The grasping roots grab you! The grasping roots constrict you!
You die...

#. .b...#### #### ##.
......#.# #.#. ###..
...... ###.. ...$
....#### #.#.. ...##
#...$.# ##..#
#..#####....## ###..
#.##.##.w......######....
#...>..(gb...............
#####...@...###########..
#...$..## ### ##.....#
#.. ##.#...# ###..
#.#..#.# #.... ###..##.#
##.... #..# #.# ......
..# #.## #.... #..# #...


You could see Gastronok (swift), Jorgrun (poisoned) and a bat (summoned).

Vanquished Creatures
  Josephine (Orc:2)
  2 boulder beetles
  Erica (D:8)
  A two-headed ogre (Orc:2)
  3 orc knights
  An unseen horror (D:7)
  A tengu conjurer (D:7)
  A freezing wraith (D:7)
  4 trolls
  3 slime creatures (D:7)
  Sigmund (D:3)
  3 wraiths (Orc:2)
  5 yaks (D:9)
  A steam dragon (D:7)
  2 wargs
  2 water moccasins
  An ice beast (D:7)
  33 orc warriors
  2 black bears
  11 ogres
  18 centaurs
  4 kobold brigands
  9 bullfrogs
  7 gnoll sergeants
  2 scorpions
  15 wights
  9 killer bees
  5 howler monkeys (D:7)
  5 hounds
  3 jellies (D:7)
  2 gnoll boudas
  8 orc priests
  14 orc wizards
  2 sleepcaps
  5 iguanas
  8 adders
  33 gnolls
  4 white imps
  An ufetubus (D:4)
  A worm (D:2)
  A dart slug (D:1)
  67 orcs
  6 ball pythons
  4 bats
  6 endoplasms
  4 giant cockroaches
  10 hobgoblins
  4 jackals
  6 quokkas
  5 frilled lizards
  6 goblins
  6 kobolds
  6 rats
365 creatures vanquished.

Notes
Turn   | Place    | Note
-------+----------+-------------------------------------------
     0 | D:1      | Morbidden the Demonspawn Conjurer began the quest for the
                  | Orb.
     0 | D:1      | Reached XP level 1. HP: 13/13 MP: 3/3
   264 | D:1      | Gained mutation: You have large cloven feet. [demonic
                  | ancestry]
   264 | D:1      | Reached XP level 2. HP: 19/19 MP: 0/5
   952 | D:1      | Reached XP level 3. HP: 24/24 MP: 3/6
  1623 | D:2      | Learned a level 2 spell: Searing Ray
  1658 | D:2      | Reached skill level 1 in Armour
  2201 | D:2      | Gained mutation: Spells you cast may paralyse adjacent
                  | enemies. [demonic ancestry]
  2201 | D:2      | Reached XP level 4. HP: 31/31 MP: 1/7
  2792 | D:3      | Reached skill level 1 in Fighting
  2910 | D:3      | Gained mutation: Spells you cast may paralyse nearby
                  | enemies. [demonic ancestry]
  2910 | D:3      | Reached XP level 5. HP: 14/37 MP: 1/8
  3071 | D:3      | Reached skill level 1 in Shapeshifting
  3278 | D:3      | Reached skill level 5 in Conjurations
  3416 | D:3      | Noticed a centaur
  3426 | D:3      | Killed a centaur
  3427 | D:3      | Gained mutation: A meltable shield of frost defends you.
                  | (SH +4) [demonic ancestry]
  3427 | D:3      | Reached XP level 6. HP: 8/44 MP: 6/10
  3803 | D:3      | Noticed Sigmund
  3810 | D:3      | Killed Sigmund
  3811 | D:3      | Reached skill level 1 in Short Blades
  4319 | D:4      | Gained mutation: You are partially covered in slimy green
                  | scales. (AC +2) [demonic ancestry]
  4319 | D:4      | Reached XP level 7. HP: 42/50 MP: 6/11
  4482 | D:4      | Identified the +3 ring mail "Yrriaxoys" {Rampage Will+ MP+9
                  | Stlth+}
  4943 | D:5      | Entered Level 5 of the Dungeon
  5473 | D:5      | Reached skill level 1 in Shields
  5527 | D:5      | Learned a level 4 spell: Iskenderun's Mystic Blast
  5917 | D:6      | Reached XP level 8. HP: 57/57 MP: 13/13
  6576 | D:6      | Reached skill level 1 in Translocations
  6622 | D:6      | Found a sacrificial altar of Ru.
  7018 | D:7      | Reached XP level 9. HP: 64/64 MP: 10/15
  7117 | D:7      | Found a staircase to the Ecumenical Temple.
  7220 | Temple   | Entered the Ecumenical Temple
  7272 | Temple   | Became a worshipper of the Wu Jian Council
  7696 | D:7      | Noticed a freezing wraith
  7704 | D:7      | Reached skill level 1 in Evocations
  7706 | D:7      | Killed a freezing wraith
  7707 | D:7      | Reached skill level 5 in Spellcasting
  7778 | D:7      | Noticed a tengu conjurer
  7778 | D:7      | Identified the ring "Ozyif" {rF+ rCorr Int+3 Dex+6}
  7788 | D:7      | Killed a tengu conjurer
  7789 | D:7      | Reached skill level 5 in Stealth
  7940 | D:7      | Noticed a troll
  7949 | D:7      | Killed an unseen horror
  7950 | D:7      | Gained mutation: Spells you cast and wands you use may
                  | paralyse nearby enemies. [demonic ancestry]
  7950 | D:7      | Reached XP level 10. HP: 72/72 MP: 16/17
  7972 | D:7      | Identified the +10 long sword of Tartarus {freeze, rCorr
                  | Str+3}
  8104 | D:7      | Reached * piety under Wu Jian
  8569 | D:8      | Noticed a boulder beetle
  8582 | D:8      | Killed a boulder beetle
  8737 | D:8      | Reached skill level 1 in Long Blades
  9035 | D:8      | Learned a level 4 spell: Sticky Flame
  9041 | D:8      | Noticed Erica
  9056 | D:8      | Killed Erica
  9463 | D:9      | Found a bloodstained altar of Trog.
  9595 | D:9      | Reached ** piety under Wu Jian
  9610 | D:9      | Gained mutation: You have hoof-like feet. [demonic
                  | ancestry]
  9610 | D:9      | Reached XP level 11. HP: 78/78 MP: 19/19
  9629 | D:9      | Reached skill level 1 in Fire Magic
  9631 | D:9      | Reached skill level 5 in Fighting
  9771 | D:9      | Found a hide-covered altar of Uskayaw.
  9782 | D:9      | Found an opulent altar of Gozag.
  9898 | D:9      | Found Gyrori's Antique Armour Boutique.
  9906 | D:9      | Bought a pair of embroidered boots for 202 gold pieces
  9938 | D:9      | Noticed a boulder beetle
  9958 | D:9      | Killed a boulder beetle
  9959 | D:9      | Reached skill level 5 in Armour
  9959 | D:9      | Reached skill level 5 in Dodging
 10030 | D:9      | Found a staircase to the Orcish Mines.
 10571 | Orc:1    | Entered Level 1 of the Orcish Mines
 10631 | Orc:1    | Reached *** piety under Wu Jian
 10753 | Orc:1    | Noticed Gastronok
 10805 | Orc:1    | Noticed Jorgrun
 10809 | Orc:2    | Entered Level 2 of the Orcish Mines
 10919 | Orc:2    | Reached **** piety under Wu Jian
 10929 | Orc:2    | Noticed a two-headed ogre
 10935 | Orc:2    | Found a staircase to the Elven Halls.
 10940 | Orc:2    | Noticed Josephine
 10953 | Orc:2    | Killed Josephine
 10993 | Orc:2    | Killed a two-headed ogre
 11039 | Orc:2    | Noticed an orc knight
 11041 | Orc:2    | Identified a scroll of acquirement
 11067 | Orc:2    | HP: 4/81 [centaur/arrow (4)]
 11182 | Orc:2    | Killed an orc knight
 11183 | Orc:2    | Reached XP level 12. HP: 77/87 MP: 21/21
 11283 | Orc:2    | Reached skill level 5 in Short Blades
 11363 | Orc:2    | Reached ***** piety under Wu Jian
 11366 | Orc:2    | Gained mutation: Your flesh is heat resistant. (rF+)
                  | [potion of mutation]
 11366 | Orc:2    | Gained mutation: You have hidden genetic potential. [potion
                  | of mutation]
 11366 | Orc:2    | Gained mutation: Your flesh is very heat resistant. (rF++)
                  | [potion of mutation]
 11615 | Orc:2    | Found Saudem's Armour Shop.
 11615 | Orc:2    | Found Mojed's Jewellery Emporium.
 11617 | Orc:2    | Found Bipto's Armour Shoppe.
 11619 | Orc:2    | Found Mofez's General Store.
 11634 | Orc:2    | Bought a +4 ring of protection for 360 gold pieces
 11643 | Orc:2    | Bought a scroll of blinking for 82 gold pieces
 11643 | Orc:2    | Bought a +0 pair of gloves of stealth for 126 gold pieces
 11840 | Orc:1    | Found Ichyidgh's General Store.
 11963 | Orc:1    | HP: 3/88 [Jorgrun/staff of earth (2)]
 11964 | Orc:1    | Constricted to death by Jorgrun

Illustrated notes

Levels and vault maps discovered:
D:1:      arrival_zaba_pyramid, layout_loops_ring
D:2:      layout_loops_corners, minivault_14, st_stairs_4
D:3:      layout_basic, uniq_sigmund
D:4:      layout_cave_pools
D:5:      layout_cave_pods
D:6:      layout_basic, nicolae_ru_the_path_less_chosen
D:7:      nzn_winding_woodlands_large [nzn_winding_woodlands_hourglass,
          nzn_winding_woodlands_5x15_pool, nzn_winding_woodlands_5x5_default,
          nzn_winding_woodlands_center_triple_pond,
          nzn_winding_woodlands_15x15_boxy_spiral,
          nzn_winding_woodlands_center_lodge,
          nzn_winding_woodlands_5x5_perimeter,
          nzn_winding_woodlands_5x15_jagged,
          nzn_winding_woodlands_5x5_open_star], layout_loops_ring,
          temple_statues
D:8:      layout_basic, st_stairs_9, nicolae_titane, uniq_erica
D:9:      layout_cave_pools, trog_butcher_becter, grunt_temple_overflow_open,
          kennysheep_orc_monster_closet_entryway, serial_shops, shop
Temple:   eino_temple_scatter_basement
Orc:1:    layout_diamond_mine, basic_altar, serial_shops, shop,
          nicolae_shop_just_a_little_nook, uniq_jorgrun, uniq_gastronok
Orc:2:    st_orc_rangers, layout_caves, uniq_josephine

Skill      XL: |  1  2  3  4  5  6  7  8  9 10 11 12 |
---------------+-------------------------------------+-----
Armour         | 1 2 3 4 5 |  5.6
Fighting       | 1 2 3 4 5 6 |  6.0
Stealth        | 2 3 4 5 7 |  7.3
Dodging        | 2 3 4 5 |  5.5
Shapeshifting  | 1 2 3 4 |  4.5
Conjurations   | 5 6 7 |  7.9
Short Blades   | 1 2 3 4 5 |  5.0
Spellcasting   | 3 4 5 6 |  6.6
Shields        | 1 2 3 4 |  4.2
Translocations | 1 2 3 4 |  4.4
Evocations     | 2 3 4 |  4.3
Long Blades    | 1 2 3 |  3.0
Fire Magic     | 2 3 |  3.0
Unarmed Combat | |  0.2

Action                     |  1- 3 |  4- 6 |  7- 9 | 10-12 || total
---------------------------+-------+-------+-------+-------++-------
  Melee: Unarmed           |    10 |    16 |       |       ||    26
         Kick              |     2 |    19 |    24 |    24 ||    69
         Punch             |     1 |     1 |     1 |     2 ||     5
         Dagger            |       |    67 |   113 |   238 ||   418
         Long sword        |       |       |       |    68 ||    68
  Throw: Dart              |       |       |       |     5 ||     5
   Cast: Magic Dart        |    92 |    70 |   228 |   240 ||   630
         Searing Ray       |       |     1 |    10 |     8 ||    19
         Iskenderun's Myst |       |       |       |    32 ||    32
 Invoke: Serpent's Lash    |       |       |       |     1 ||     1
Ability: Whirlwind         |       |       |       |    26 ||    26
         Wall Jump         |       |       |       |     2 ||     2
         Lunge             |       |       |       |     1 ||     1
  Evoke: Wand              |       |       |       |    38 ||    38
    Use: Scroll            |       |       |       |    12 ||    12
         Potion            |       |       |       |     5 ||     5
   Stab: Paralysed         |       |    32 |    54 |   122 ||   208
         Sleeping          |       |     1 |     1 |     3 ||     5
 Armour: Robe              |     3 |     5 |       |       ||     8
         Ring mail         |       |    10 |    52 |   174 ||   236
         Skin              |       |       |       |    10 ||    10
  Dodge: Dodged            |    12 |    43 |    57 |   220 ||   332
  Block: Other             |       |     4 |    16 |    33 ||    53
         Buckler           |       |       |       |   144 ||   144
         Form:             |     1 |       |       |       ||     1
         Flux              |     1 |       |       |       ||     1

Table legend: (Time is in decaauts)
 A = Elapsed time spent in this place.
 B = Non-inter-level travel time spent in this place.
 C = Inter-level travel time spent in this place.
 D = Time resting spent in this place.
 E = Time spent auto-exploring this place.
 F = Levels seen in this place.
 G = Mean time per level.
                   A        B        C        D        E       F      G
               +--------+--------+--------+--------+--------+-----+--------+
         Total |  11948 |  11525 |    423 |    620 |   8676 |  12 |  995.7 |
       Dungeon |  10528 |  10131 |    397 |    411 |   8094 |   9 | 1169.8 |
        Temple |     60 |     52 |      8 |      0 |      0 |   1 |   60.0 |
  Orcish Mines |   1359 |   1341 |     18 |    209 |    582 |   2 |  679.5 |
               +--------+--------+--------+--------+--------+-----+--------+

Top non-repeatable levels by time:
     D:7: 1667 daAuts
     D:1: 1530 daAuts
     D:3: 1362 daAuts
     D:2: 1227 daAuts
     D:9: 1140 daAuts
     D:6: 980 daAuts
     D:8: 910 daAuts
   Orc:2: 893 daAuts
     D:5: 891 daAuts
     D:4: 819 daAuts
   Orc:1: 466 daAuts
  Temple: 60 daAuts
